 Dungeon Crawl Stone Soup version 0.29.1-13-g9f3cf754e1 (webtiles) character file.

Game seed: 3333924406371598160

561 EarthwalkerPL the Covered (level 7, 0/62 HPs)
             Began as a Minotaur Fighter on Jan 22, 2023.
             Slain by an orc warrior
             ... wielding a +0 mace
              (5 damage)
             ... on level 4 of the Dungeon.
             The game lasted 00:04:25 (3482 turns).

EarthwalkerPL the Covered (Minotaur Fighter)        Turns: 3482, Time: 00:04:26

Health: 0/62       AC:  8    Str: 20    XL:     7   Next: 9%
Magic:  6/6        EV:  9    Int:  5    God:
Gold:   240        SH:  5    Dex: 12    Spells: 6/6 levels left

rFire   . . .      SeeInvis .   a - +0 war axe
rCold   . . .      Faith    .   c - +0 buckler
rNeg    . . .      Spirit   .   b - +0 scale mail
rPois   .          Reflect  .   (helmet restricted)
rElec   .          Harm     .   n - +0 cloak
rCorr   .          Rampage  .   (no gloves)
Will    .....                   (no boots)
Stlth   ..........              (no amulet)
HPRegen 0.20/turn               (no ring)
MPRegen 0.10/turn               (no ring)

@: no status effects
A: horns 2, retaliatory headbutt
a: no special abilities


You were on level 4 of the Dungeon.
You visited 1 branch of the dungeon, and saw 4 of its levels.

You collected 240 gold pieces.

Inventory:

Hand Weapons
 a - a +0 war axe (weapon)
Missiles
 f - 6 poisoned darts (quivered)
Armour
 b - a +0 scale mail (worn)
 c - a +0 buckler (worn)
 n - a +0 cloak (worn)
Scrolls
 h - 3 scrolls of teleportation {unknown}
 i - 4 scrolls of identify {unknown}
 j - a scroll of blinking {unknown}
 k - a scroll of vulnerability {unknown}
 l - a scroll of summoning {unknown}
 p - a scroll of immolation {unknown}
 r - a scroll of amnesia {unknown}
Potions
 d - a potion of might
 e - 2 potions of curing {unknown}
 g - a potion of mutation {unknown}
 m - 4 potions of attraction {unknown}
 o - a potion of berserk rage {unknown}
 q - a potion of cancellation {unknown}


   Skills:
 * Level 5.9 Fighting
 * Level 5.4 Axes
 * Level 6.1 Armour
 + Level 5.0 Shields


You had 6 spell levels left.
You didn't know any spells.
Your spell library contained the following spells:

 Spells                   Type           Power      Damage    Failure   Level
 Foxfire                  Conj/Fire      0%         2x1d4     88%         1
 Conjure Flame            Conj/Fire      0%         6-21      99%         3
 Inner Flame              Hex/Fire       0%         N/A       99%         3
 Flame Wave               Conj/Fire      0%         2d4       100%        4


Dungeon Overview and Level Annotations

Branches:
Dungeon (4/15)
 Temple: D:4-7

Altars:
Ashenzari
Makhleb
Ru


Innate Abilities, Weirdness & Mutations

You have a pair of horns on your head.
You reflexively headbutt those who attack you in melee.


Message History

You hit the orc but do no damage.
The orc warrior hits you with a +0 mace.
The orc hits you but does no damage.
Your Shields skill increases to level 5!
You barely miss the orc.
The orc shouts!
Your headbutt misses the orc.
The orc is severely wounded.
You hit the orc warrior.
The orc warrior hits you with a +0 mace.
You block the orc's attack.
You barely miss the orc.
The orc is severely wounded.
You closely miss the orc warrior. You slash the orc!
You kill the orc!
The orc warrior hits you with a +0 mace!
The orc hits you but does no damage.
The orc warrior hits you with a +0 mace.
The orc closely misses you.
You hit the orc.
You kill the orc!
You hit the orc warrior but do no damage.
The orc warrior hits you with a +0 mace!
Unknown command.
You are too injured to fight recklessly!
You hit the orc warrior.
The orc warrior is severely wounded.
The orc warrior hits you with a +0 mace!
* * * LOW HITPOINT WARNING * * *
You barely miss the orc warrior.
The orc warrior is severely wounded.
The orc warrior barely misses you.
You hit the orc warrior. Your headbutt misses the orc warrior.
The orc warrior is severely wounded.
The orc warrior hits you with a +0 mace!
* * * LOW HITPOINT WARNING * * *
You barely miss the orc warrior.
The orc warrior is severely wounded.
The orc warrior hits you with a +0 mace.
You die...

♣... ..... .... . # o.o.#
.... .. #. .... ....
...##. .o. .... ......####
..# # .........# ..# 8## #
...##....##!.##8.. ..8##
....(##..@)..##... ...##
##...##..o)..#>... ..._#
.............##... ...##
.............##8.. ..8##
.............# #8 8# #
............##### ########
.##.........###.##........
#.....#...#......# .....
...#######..##.....# #.##.


You could see an orc warrior.

Vanquished Creatures
  Sigmund (D:2)
  A black bear (D:4)
  2 scorpions (D:4)
  An orc priest (D:4)
  Crazy Yiuf (D:2)
  An iguana (D:4)
  Robin (D:2)
  4 adders
  A worm (D:2)
  A dart slug (D:2)
  2 orcs (D:4)
  6 ball pythons
  4 bats
  3 endoplasms
  2 giant cockroaches (D:4)
  11 goblins
  9 hobgoblins
  9 kobolds
  3 quokkas
  3 frilled lizards
  5 rats
71 creatures vanquished.

Vanquished Creatures (others)
  2 fungi (D:4)
2 creatures vanquished.

Grand Total: 73 creatures vanquished

Notes
Turn   | Place    | Note
-------+----------+-------------------------------------------
     0 | D:1      | EarthwalkerPL the Minotaur Fighter began the quest for the
                  | Orb.
     0 | D:1      | Reached XP level 1. HP: 19/19 MP: 0/0
   178 | D:1      | Found a faded altar of an unknown god.
   550 | D:2      | Reached XP level 2. HP: 27/27 MP: 1/1
   621 | D:2      | Reached skill level 4 in Armour
   630 | D:2      | Reached XP level 3. HP: 19/33 MP: 2/2
   801 | D:2      | Found a broken altar of Ashenzari.
   853 | D:2      | Noticed Robin
   869 | D:2      | Killed Robin
  1002 | D:2      | Reached XP level 4. HP: 40/41 MP: 3/3
  1055 | D:2      | Found a runed translucent door.
  1056 | D:2      | Noticed Crazy Yiuf
  1342 | D:2      | Noticed Sigmund
  1559 | D:2      | Killed Sigmund
  1560 | D:2      | Reached skill level 5 in Fighting
  1560 | D:2      | Reached skill level 5 in Armour
  1560 | D:2      | Reached XP level 5. HP: 40/48 MP: 4/4
  1818 | D:2      | Killed Crazy Yiuf
  2635 | D:3      | Reached XP level 6. HP: 55/56 MP: 5/5
  3078 | D:4      | Found a sacrificial altar of Ru.
  3102 | D:4      | Found a burning altar of Makhleb.
  3114 | D:4      | Reached skill level 5 in Axes
  3116 | D:4      | Reached skill level 6 in Armour
  3116 | D:4      | Reached XP level 7. HP: 6/62 MP: 6/6
  3476 | D:4      | Reached skill level 5 in Shields
  3482 | D:4      | Slain by an orc warrior

Illustrated notes

Levels and vault maps discovered:
D:1:      minmay_arrival_stone_box, layout_rooms, shapermc_ecumenical_altar_venn
D:2:      layout_basic, basic_altar, uniq_sigmund, uniq_crazy_yiuf_cottage,
          uniq_robin
D:3:      layout_basic
D:4:      layout_cave_pools, nicolae_ru_the_path_less_chosen,
          nicolae_overflow_hidden_temple, serial_park, serial_park_gazebo
          [serial_park_minivault_5x5_6], serial_park_tiny_2, serial_park_square3
          [serial_park_minivault_5x5_4], columned_hall_lemuel

Skill      XL: |  1  2  3  4  5  6  7 |
---------------+----------------------+-----
Fighting       | 4 5 |  5.9
Axes           | 3 4 5 |  5.4
Armour         | 4 5 6 |  6.1
Shields        | 4 5 |  5.0

Action                   |  1- 3 |  4- 6 |  7- 9 || total
-------------------------+-------+-------+-------++-------
Melee: War axe           |    60 |    70 |    12 ||   142
       Headbutt          |     5 |    12 |     2 ||    19
Throw: Dart              |       |     1 |       ||     1
Armor: Scale mail        |    37 |    40 |     5 ||    82
Dodge: Dodged            |    34 |    46 |     3 ||    83
Block: Buckler           |    19 |    14 |     3 ||    36
